 Dungeon Crawl Stone Soup version 0.31-a0-816-gd61d57ddb1 (webtiles) character file.

Game seed: 18303558559334031734

30 Maratek the Trooper (level 3, -3/33 HPs)
             Began as a Hill Orc Fighter on Sept 22, 2023.
             Slain by a lemure (6 damage)
             ... led by Pikel
             ... on level 4 of the Dungeon.
             The game lasted 00:01:24 (879 turns).

Maratek the Trooper (Hill Orc Fighter)               Turns: 879, Time: 00:01:25

Health: -3/33      AC:  7    Str: 20    XL:     3   Next: 18%
Magic:  3/3        EV:  9    Int:  8    God:
Gold:   68         SH:  4    Dex: 10    Spells: 2/2 levels left

rFire   + . .        a - +0 war axe
rCold   . . .        c - +0 buckler
rNeg    . . .        b - +0 scale mail
rPois   .            (no helmet)
rElec   .            (no cloak)
rCorr   .            (no gloves)
SInv    .            (no boots)
Will    .....        (no amulet) Stlth
                     j - ring of protection from fire
HPRegen 0.25/turn    (no ring)
MPRegen 0.08/turn

%: no passive effects
@: no status effects
A: no striking features
a: Convert to Beogh


You were on level 4 of the Dungeon.
You visited 1 branch of the dungeon, and saw 3 of its levels.

You collected 68 gold pieces.

Inventory:

Hand Weapons
 a - a +0 war axe (weapon)
Armour
 b - a +0 scale mail (worn)
 c - a +0 buckler (worn)
Jewellery
 j - a ring of protection from fire (left hand)
Scrolls
 f - a scroll of immolation {unknown}
 g - a scroll of torment {unknown}
 k - a scroll of enchant armour {unknown}
 m - a scroll of identify {unknown}
 n - a scroll of teleportation {unknown}
Potions
 d - 2 potions of might
 e - a potion of enlightenment {unknown}
 h - a potion of lignification {unknown}
 i - 2 potions of invisibility {unknown}
 l - a potion of curing {unknown}


   Skills:
 + Level 4.2 Fighting
 * Level 3.1 Axes
 + Level 3.7 Armour
 + Level 3.5 Shields


You had 2 spell levels left.
You didn't know any spells.
Your spell library contained the following spells:

 Spells                   Type           Power      Damage    Failure   Level
 Leda's Liquefaction      Hex/Erth       0%         N/A       100%        4
 Lee's Rapid Deconstruct  Erth           0%         3d4*      100%        5
 Bombard                  Conj/Erth      0%         9d1       100%        6


Dungeon Overview and Level Annotations

Branches:
Dungeon (4/15)
 Temple: D:4-7

Altars:

Annotations:
D:4 Pikel


Message History

No target in view!
Found 3 stones.
n - a scroll labelled RYCWOH XIEH An orc wizard and 2 orcs come into view.
The orc wizard shouts!
The orc shouts! x2
The orc moves out of view.
An orc priest and an orc wizard come into view.
The orc priest threatens, "By the altar or by the axe, you will meet Beogh!" (press Y on the ability menu to convert to Beogh)
The orc priest shouts!
The orc wizard shouts!
You hear a shout!
The orc priest mumbles some strange prayers to Beogh against you.
Beogh smites you!
An orc priest comes into view. It is wielding a +0 short sword.
The orc priest shouts, "Join the one true god or die!"
There are monsters nearby!
There are monsters nearby!
A lemure comes into view.
The lemure shouts!
You hear a shout!
A lemure comes into view.
Pikel, Merchant of Souls comes into view.
He is wielding a +0 whip of freezing.
Pikel shouts!
The lemure shouts!
You hear a shout!
Pikel says, "I'm sure they'll be treated well, anyway."
Pikel says, "You'll rot in Tartarus!"
A lemure comes into view.
The orc wizard mumbles some strange words.
The orc wizard flickers and vanishes!
Deactivating autopickup; reactivate with Ctrl-A.
An ogre comes into view. It is wielding a +0 giant club.
The lemure hits you.
The ogre shouts!
You hear a shout!
The lemure hits you!
Something tries to affect you, but you resist.
The orc priest calls down the wrath of Beogh upon you.
Beogh smites you!
* * * LOW HITPOINT WARNING * * *
A lemure comes into view.
The lemure barely misses you.
There is a stone staircase leading up here.
The lemure barely misses you. The lemure hits you.
You die...

..........# .........
....#.5 ..... #.####..O#
.....5..# #.###.K5.#
#..#..@5.# o..8
#..#.....# ...o.
#..######........# ..o..
.................#..o...
###.#..#...o.#.8o..8
+....>.......#......
(####.......#.o......
...............o.....#
..####.....).#..#.####


You could see Pikel, an ogre, 4 lemures, 2 orc priests and an orc.

Vanquished Creatures
  A dart slug (D:1)
  4 ball pythons (D:1)
  An endoplasm (D:1)
  2 giant cockroaches (D:1)
  2 goblins (D:1)
  A hobgoblin (D:1)
  2 quokkas (D:1)
  3 bats (D:1)
  2 frilled lizards
  5 kobolds
  4 rats
27 creatures vanquished.

Notes
Turn   | Place    | Note
-------+----------+-------------------------------------------
     0 | D:1      | Maratek the Hill Orc Fighter began the quest for the Orb.
     0 | D:1      | Reached XP level 1. HP: 19/19 MP: 1/1
   175 | D:1      | Reached XP level 2. HP: 20/27 MP: 2/2
   502 | D:1      | Reached skill level 4 in Fighting
   593 | D:1      | Reached XP level 3. HP: 33/33 MP: 3/3
   857 | D:2      | You fall into a shaft and drop 2 floors!
   873 | D:4      | Noticed a lemure
   873 | D:4      | Noticed a lemure
   874 | D:4      | Noticed Pikel
   875 | D:4      | Noticed a lemure
   876 | D:4      | Noticed an ogre
   878 | D:4      | Noticed a lemure
   879 | D:4      | Slain by a lemure

Illustrated notes

Levels and vault maps discovered:
D:1:      grunt_arrival_lava_bath, layout_basic
D:2:      layout_basic, hex_medium, nicolae_half_adder
D:4:      cheibrodos_pilgrimage, layout_basic, interstate_on_off, uniq_pikel,
          uniq_crazy_yiuf_cottage, uniq_eustachio

Skill      XL: |  1  2 |
---------------+-------+-----
Fighting       | 4 |  4.2
Axes           | 3 |  3.1
Armour         | |  3.7
Shields        | |  3.5

Action                     || total
---------------------------++-------
  Melee: War axe           ||    54
 Armour: Scale mail        ||    44
  Dodge: Dodged            ||    33
  Block: Buckler           ||    16

Table legend: (Time is in decaauts)
 A = Elapsed time spent in this place.
 B = Non-inter-level travel time spent in this place.
 C = Inter-level travel time spent in this place.
 D = Time resting spent in this place.
 E = Time spent auto-exploring this place.
 F = Levels seen in this place.
 G = Mean time per level.
                   A        B        C        D        E       F      G
               +--------+--------+--------+--------+--------+-----+--------+
         Total |    898 |    876 |     22 |      0 |    729 |   3 |  299.3 |
       Dungeon |    898 |    876 |     22 |      0 |    729 |   3 |  299.3 |
               +--------+--------+--------+--------+--------+-----+--------+

Top non-repeatable levels by time:
     D:1: 816 daAuts
     D:2: 60 daAuts
     D:4: 21 daAuts
